 Dungeon Crawl Stone Soup version 0.31-a0-466-g98c9adc2b6 (webtiles) character file.

Game seed: 10062430005997589071

35 Anon1729 the Trooper (level 3, 0/33 HPs)
             Began as a Minotaur Monk on Aug 5, 2023.
             Killed from afar by Terence (9 damage)
             ... with a puff of flame
             ... on level 2 of the Dungeon.
             The game lasted 00:00:27 (643 turns).

Anon1729 the Trooper (Minotaur Monk)                 Turns: 643, Time: 00:00:28

Health: 0/33       AC:  2    Str: 15    XL:     3   Next: 17%
Magic:  2/2        EV: 13    Int:  7    God:
Gold:   62         SH:  0    Dex: 14    Spells: 2/2 levels left

rFire   . . .        a - +0 short sword
rCold   . . .        d - orb {light}
rNeg    . . .        b - +0 robe
rPois   .            (helmet restricted)
rElec   .            (no cloak)
rCorr   .            (no gloves)
SInv    .            (no boots)
Will    +....        (no amulet)
Stlth   +            e - ring of willpower
HPRegen 0.25/turn    (no ring)
MPRegen 0.08/turn

%: no passive effects
@: glowing
A: horns 2, retaliatory headbutt
a: no special abilities


You were on level 2 of the Dungeon.
You visited 1 branch of the dungeon, and saw 2 of its levels.

You collected 62 gold pieces.

Inventory:

Hand Weapons
 a - a +0 short sword (weapon)
Armour
 b - a +0 robe (worn)
 d - an orb of light (worn)
Jewellery
 e - a ring of willpower (left hand)
 k - a ring of wizardry
Scrolls
 f - a scroll of identify {unknown}
 g - a scroll of poison {unknown}
 j - a scroll of teleportation {unknown}
Potions
 c - a potion of ambrosia
 h - a potion of curing {unknown}
 i - 2 potions of brilliance {unknown}


   Skills:
 + Level 4.1 Fighting
 - Level 3.4(3.5) Short Blades
 + Level 1.2(2.7) Long Blades
 + Level 1.4 Armour
 + Level 3.7 Dodging


You had 2 spell levels left.
You didn't know any spells.
Your spell library was empty.

Dungeon Overview and Level Annotations

Branches:
Dungeon (2/15)

Altars:

Annotations:
D:2 Terence


Innate Abilities, Weirdness & Mutations

You have a pair of horns on your head.
You reflexively headbutt those who attack you in melee.


Message History

You hit Terence.
Terence is lightly wounded.
Terence zaps a wand.
The puff of flame hits you.
You are too injured to fight recklessly!
You are too injured to fight recklessly!
You are too injured to fight recklessly!
You are too injured to fight recklessly!
You are too injured to fight recklessly!
You are too injured to fight recklessly!
You are too injured to fight recklessly!
You are too injured to fight recklessly!
You are too injured to fight recklessly!
You are too injured to fight recklessly!
You are too injured to fight recklessly!
You are too injured to fight recklessly!
You are too injured to fight recklessly!
You are too injured to fight recklessly!
You are too injured to fight recklessly!
You are too injured to fight recklessly!
You are too injured to fight recklessly!
You are too injured to fight recklessly!
You are too injured to fight recklessly!
You are too injured to fight recklessly!
You are too injured to fight recklessly!
You are too injured to fight recklessly!
You are too injured to fight recklessly!
You hit Terence.
Terence is lightly wounded.
Terence barely misses you.
You hit Terence. Your headbutt misses Terence.
Terence is moderately wounded.
Terence zaps a wand.
The puff of flame hits you!
* * * LOW HITPOINT WARNING * * *
You hit Terence but do no damage. You headbutt Terence!
Terence is severely wounded.
Okay, then.
You barely miss Terence.
Terence is severely wounded.
Terence zaps a wand.
The puff of flame hits you!
You die...

#†##.#.#
#..#.##.#.#
#..#.##.#.#
#..#.##.#.#
#..#.##.#.#
#..#.##.#.#
#..#.##.#.#
#.#####@.#
..#.#
#......@.#
#.#
#######..#
#<# #..# #.#
#..# #.#
#..######.##
#..........#
#.##########
#.# #.#


You could see Terence.

Vanquished Creatures
  3 endoplasms
  2 giant cockroaches
  7 goblins (D:1)
  4 hobgoblins (D:1)
  4 jackals
  A quokka (D:2)
  A ball python (D:1)
  3 bats (D:1)
  2 frilled lizards (D:1)
  A kobold (D:1)
  2 rats (D:1)
30 creatures vanquished.

Notes
Turn   | Place    | Note
-------+----------+-------------------------------------------
     0 | D:1      | Anon1729 the Minotaur Monk began the quest for the Orb.
     0 | D:1      | Reached XP level 1. HP: 19/19 MP: 0/0
   139 | D:1      | Reached XP level 2. HP: 27/27 MP: 1/1
   172 | D:1      | Reached skill level 1 in Armour
   223 | D:1      | Reached skill level 4 in Fighting
   226 | D:1      | Reached skill level 1 in Long Blades
   445 | D:1      | Reached XP level 3. HP: 32/33 MP: 2/2
   631 | D:2      | Noticed Terence
   643 | D:2      | Killed from afar by Terence

Illustrated notes

Levels and vault maps discovered:
D:1:      minmay_arrival_solitary_statue, layout_rooms
D:2:      layout_basic, uniq_terence

Skill      XL: |  1  2 |
---------------+-------+-----
Armour         | 1 |  1.4
Fighting       | 4 |  4.1
Long Blades    | 1 |  1.2
Short Blades   | |  3.4
Dodging        | |  3.7

Action                     || total
---------------------------++-------
  Melee: Short sword       ||    67
         Headbutt          ||    13
 Armour: Robe              ||     5
  Dodge: Dodged            ||    39

Table legend: (Time is in decaauts)
 A = Elapsed time spent in this place.
 B = Non-inter-level travel time spent in this place.
 C = Inter-level travel time spent in this place.
 D = Time resting spent in this place.
 E = Time spent auto-exploring this place.
 F = Levels seen in this place.
 G = Mean time per level.
                   A        B        C        D        E       F      G
               +--------+--------+--------+--------+--------+-----+--------+
         Total |    631 |    618 |     13 |      0 |    501 |   2 |  315.5 |
       Dungeon |    631 |    618 |     13 |      0 |    501 |   2 |  315.5 |
               +--------+--------+--------+--------+--------+-----+--------+

Top non-repeatable levels by time:
     D:1: 557 daAuts
     D:2: 73 daAuts
